TOP OF THE 1ST |
Chicago Cubs batting - Pitching for Chicago White Sox : LHP Stacy Hootentootin
|
Pitching: LHP Stacy Hootentootin
|
|
Batting: RHB Steve Bartman Jr.
|
0-0: Ground out 4-3 (Groundball, 34D, EV 100.6 MPH)
|
Batting: SHB Zory Larikov
|
0-0: Ball 1-0: Foul Ball, location: 2F 1-1: Foul Ball, location: 2F 1-2: Strikes out swinging
|
Batting: RHB Jose Balderrama
|
0-0: Ball 1-0: TRIPLE (Flyball, 89XD, EV 99.4 MPH)
|
Batting: SHB Karl Starnes
|
0-0: Foul Ball, location: 2F 0-1: Ball 1-1: Ball 2-1: Ground out 6-3 (Groundball, 6, EV 101.9 MPH)
|
Top of the 1st over - 0 runs, 1 hit, 0 errors, 1 left on base; Chicago 0 - Chicago 0 |
BOTTOM OF THE 1ST |
Chicago White Sox batting - Pitching for Chicago Cubs : RHP Josh MacQueen
|
Pitching: RHP Josh MacQueen
|
|
Batting: SHB Alfie Bungledorf
|
0-0: Called Strike 0-1: Swinging Strike 0-2: Foul Ball, location: 2F 0-2: Foul Ball, location: 2F 0-2: Foul Ball, location: 2F 0-2: Foul Ball, location: 2F 0-2: Ball 1-2: Strikes out looking
|
Batting: SHB Marvin McAleer
|
0-0: Foul Ball, location: 2F 0-1: Ball 1-1: Reached on error, E4 (Groundball, 34, EV 81.9 MPH)
|
Batting: RHB Joseph Disepolo
|
0-0: Swinging Strike 0-1: Ball Wild Pitch! Marvin McAleer to second 1-1: Called Strike 1-2: Foul Ball, location: 2F 1-2: 2-RUN HOME RUN (Flyball, 78XD, EV 104.4 MPH), Distance : 399 ft
|
Batting: LHB Randy Rosenberry
|
0-0: Ball 1-0: Ball 2-0: Ball 3-0: Called Strike 3-1: Base on Balls
|
Batting: LHB Angel Tellez
|
0-0: Hit by Pitch Randy Rosenberry to second
|
Batting: SHB Jonathan Jenkins
|
0-0: SINGLE (Line Drive, 6D, EV 103.8 MPH) Randy Rosenberry to third Angel Tellez to second
|
Batting: RHB Dietmar Warmisch
|
0-0: Ball 1-0: Called Strike 1-1: Grounds into double play, 5-4-3 (Groundball, 5, EV 94.4 MPH)
|
Bottom of the 1st over - 2 runs, 2 hits, 1 error, 2 left on base; Chicago 0 - Chicago 2 |
TOP OF THE 2ND |
Chicago Cubs batting - Pitching for Chicago White Sox : LHP Stacy Hootentootin
|
Batting: SHB Moe Lester
|
0-0: Foul Ball, location: 2F 0-1: Ball 1-1: Swinging Strike 1-2: Strikes out swinging
|
Batting: LHB Kevin Norton
|
0-0: Swinging Strike 0-1: Foul Ball, location: 2F 0-2: Ball 1-2: Ball 2-2: Ball 3-2: Foul Ball, location: 2F 3-2: Foul Ball, location: 2F 3-2: Base on Balls
|
Batting: RHB Alan Oxenrider
|
0-0: Ball 1-0: Ball 2-0: Called Strike 2-1: Grounds into double play, 6-4-3 (Groundball, 6, EV 88.8 MPH)
|
Top of the 2nd over - 0 runs, 0 hits, 0 errors, 0 left on base; Chicago 0 - Chicago 2 |
BOTTOM OF THE 2ND |
Chicago White Sox batting - Pitching for Chicago Cubs : RHP Josh MacQueen
|
Batting: RHB Leo Navarro
|
0-0: Ball 1-0: Ground out 6-3 (Groundball, 6M, EV 87.5 MPH)
|
Batting: RHB Brad Boals
|
0-0: Ball 1-0: Ball 2-0: Called Strike 2-1: Foul Ball, location: 2F 2-2: Ball 3-2: Foul Ball, location: 2F 3-2: Ground out 5-3 (Groundball, 56, EV 85.6 MPH)
|
Batting: SHB Alfie Bungledorf
|
0-0: Ball 1-0: Ball 2-0: Called Strike 2-1: Foul Ball, location: 2F 2-2: Foul Ball, location: 2F 2-2: Foul Ball, location: 2F 2-2: Ball 3-2: Strikes out swinging
|
Bottom of the 2nd over - 0 runs, 0 hits, 0 errors, 0 left on base; Chicago 0 - Chicago 2 |
TOP OF THE 3RD |
Chicago Cubs batting - Pitching for Chicago White Sox : LHP Stacy Hootentootin
|
Batting: LHB Jon Schick
|
0-0: Ball 1-0: Foul Ball, location: 2F 1-1: Fly out, F9 (Flyball, 9, EV 91.2 MPH)
|
Batting: RHB Brian Gargis
|
0-0: Ball 1-0: Ground out 5-3 (Groundball, 56, EV 105.6 MPH)
|
Batting: RHB Steve Bartman Jr.
|
0-0: Called Strike 0-1: Ball 1-1: Foul Ball, location: 2F 1-2: Fly out, F8 (Flyball, 8LM, EV 88.8 MPH)
|
Top of the 3rd over - 0 runs, 0 hits, 0 errors, 0 left on base; Chicago 0 - Chicago 2 |
BOTTOM OF THE 3RD |
Chicago White Sox batting - Pitching for Chicago Cubs : RHP Josh MacQueen
|
Batting: SHB Marvin McAleer
|
0-0: DOUBLE (Line Drive, 8LXD, EV 105.0 MPH)
|
Batting: RHB Joseph Disepolo
|
0-0: Ball 1-0: Ball 2-0: Called Strike 2-1: Foul Ball, location: 2F 2-2: Ball 3-2: Strikes out swinging passed ball, reaches first! Marvin McAleer to third
|
Batting: LHB Randy Rosenberry
|
0-0: Ball Wild Pitch! Marvin McAleer scores Joseph Disepolo to second 1-0: Called Strike 1-1: Ball 2-1: Ball 3-1: Foul Ball, location: 2F 3-2: Base on Balls
|
Batting: LHB Angel Tellez
|
0-0: Ball 1-0: Swinging Strike 1-1: Called Strike 1-2: Ball 2-2: Strikes out looking
|
Batting: SHB Jonathan Jenkins
|
0-0: Ball 1-0: Fly out, F9 (Line Drive, 89S, EV 86.2 MPH)
|
Batting: RHB Dietmar Warmisch
|
0-0: Swinging Strike 0-1: Called Strike 0-2: Foul Ball, location: 2F 0-2: Ball 1-2: Foul Ball, location: 2F 1-2: Strikes out swinging
|
Bottom of the 3rd over - 1 run, 1 hit, 0 errors, 2 left on base; Chicago 0 - Chicago 3 |
TOP OF THE 4TH |
Chicago Cubs batting - Pitching for Chicago White Sox : LHP Stacy Hootentootin
|
Batting: SHB Zory Larikov
|
0-0: Fly out, F9 (Flyball, 9S, EV 83.8 MPH)
|
Batting: RHB Jose Balderrama
|
0-0: Called Strike 0-1: SINGLE (Groundball, 5S, EV 75.6 MPH) (infield hit)
|
Batting: SHB Karl Starnes
|
0-0: Ball 1-0: Ball 2-0: Called Strike 2-1: Grounds into double play, 5-4-3 (Groundball, 56, EV 78.1 MPH)
|
Top of the 4th over - 0 runs, 1 hit, 0 errors, 0 left on base; Chicago 0 - Chicago 3 |
BOTTOM OF THE 4TH |
Chicago White Sox batting - Pitching for Chicago Cubs : RHP Josh MacQueen
|
Batting: RHB Leo Navarro
|
0-0: Ball 1-0: Ball 2-0: Ball 3-0: Called Strike 3-1: Foul Ball, location: 2F 3-2: Base on Balls
|
Batting: RHB Brad Boals
|
0-0: Called Strike 0-1: Foul Ball, location: 2F 0-2: Ball 1-2: Foul Ball, location: 2F 1-2: Foul Ball, location: 2F 1-2: Foul Ball, location: 2F 1-2: Fly out, F9 (Line Drive, 9, EV 91.2 MPH)
|
Batting: SHB Alfie Bungledorf
|
0-0: Called Strike 0-1: Ball 1-1: SINGLE (Groundball, 56, EV 97.5 MPH) Leo Navarro to second
|
Batting: SHB Marvin McAleer
|
0-0: Called Strike 0-1: Ball 1-1: Ball 2-1: Foul Ball, location: 2F 2-2: Strikes out swinging
|
Batting: RHB Joseph Disepolo
|
0-0: Ball 1-0: Ball 2-0: Swinging Strike 2-1: Ball 3-1: Base on Balls Leo Navarro to third Alfie Bungledorf to second
|
Batting: LHB Randy Rosenberry
|
0-0: Called Strike 0-1: Ball 1-1: DOUBLE (Line Drive, 7LS, EV 115.0 MPH) Leo Navarro scores Alfie Bungledorf scores Joseph Disepolo to third Runner from 3rd tries for Home, SAFE, no throw by LF
|
Pitching: RHP Heef Harted
|
|
Batting: LHB Angel Tellez
|
0-0: Called Strike 0-1: Called Strike 0-2: Strikes out swinging
|
Bottom of the 4th over - 3 runs, 2 hits, 0 errors, 1 left on base; Chicago 0 - Chicago 6 |
TOP OF THE 5TH |
Chicago Cubs batting - Pitching for Chicago White Sox : LHP Stacy Hootentootin
|
Batting: SHB Moe Lester
|
0-0: Ball 1-0: Swinging Strike 1-1: Swinging Strike 1-2: Strikes out swinging
|
Batting: LHB Kevin Norton
|
0-0: Foul Ball, location: 2F 0-1: Foul Ball, location: 2F 0-2: Strikes out looking
|
Batting: RHB Alan Oxenrider
|
0-0: Ground out U3 (Groundball, 13, EV 83.8 MPH)
|
Top of the 5th over - 0 runs, 0 hits, 0 errors, 0 left on base; Chicago 0 - Chicago 6 |
BOTTOM OF THE 5TH |
Chicago White Sox batting - Pitching for Chicago Cubs : RHP Heef Harted
|
Batting: SHB Jonathan Jenkins
|
0-0: Called Strike 0-1: Swinging Strike 0-2: Ball 1-2: Ball 2-2: Ball 3-2: Base on Balls
|
Batting: RHB Dietmar Warmisch
|
0-0: Ball 1-0: Ball 2-0: Ball 3-0: Base on Balls Jonathan Jenkins to second
|
Batting: RHB Leo Navarro
|
0-0: Ball 1-0: Grounds into double play, 6-4-3 (Groundball, 6S, EV 78.8 MPH) Jonathan Jenkins to third
|
Batting: RHB Brad Boals
|
0-0: Called Strike 0-1: Ball 1-1: SINGLE (Groundball, 6M, EV 89.4 MPH) (infield hit) Jonathan Jenkins scores
|
Batting: SHB Alfie Bungledorf
|
0-0: Called Strike 0-1: Called Strike 0-2: Strikes out swinging
|
Bottom of the 5th over - 1 run, 1 hit, 0 errors, 1 left on base; Chicago 0 - Chicago 7 |
TOP OF THE 6TH |
Chicago Cubs batting - Pitching for Chicago White Sox : LHP Stacy Hootentootin
|
Batting: LHB Jon Schick
|
0-0: Called Strike 0-1: Ball 1-1: Called Strike 1-2: SINGLE (Groundball, 34D, EV 96.9 MPH)
|
Batting: RHB Brian Gargis
|
0-0: Ball 1-0: TRIPLE (Line Drive, 89XD, EV 106.2 MPH) Jon Schick scores
|
Batting: RHB Steve Bartman Jr.
|
0-0: Ball 1-0: Called Strike 1-1: Ball Wild Pitch! Brian Gargis scores 2-1: Foul Ball, location: 2F 2-2: Strikes out looking
|
Batting: SHB Zory Larikov
|
0-0: Called Strike 0-1: Foul Ball, location: 2F 0-2: Ball 1-2: Ball 2-2: Foul Ball, location: 2F 2-2: Fly out, F8 (Flyball, 8RD, EV 101.2 MPH)
|
Batting: RHB Jose Balderrama
|
0-0: Called Strike 0-1: Foul Ball, location: 2F 0-2: Ball 1-2: Ball 2-2: DOUBLE (Flyball, 8RXD, EV 102.5 MPH)
|
Batting: SHB Karl Starnes
|
0-0: Ball 1-0: Ball 2-0: Ball 3-0: Called Strike 3-1: Base on Balls
|
Batting: SHB Moe Lester
|
0-0: Foul Ball, location: 2F 0-1: Swinging Strike 0-2: Ball 1-2: Foul Ball, location: 2F 1-2: Ball 2-2: Ball 3-2: Ground out 6-3 (Groundball, 6, EV 88.1 MPH)
|
Top of the 6th over - 2 runs, 3 hits, 0 errors, 2 left on base; Chicago 2 - Chicago 7 |
BOTTOM OF THE 6TH |
Chicago White Sox batting - Pitching for Chicago Cubs : RHP Heef Harted
|
Batting: SHB Marvin McAleer
|
0-0: Ball 1-0: Foul Ball, location: 2F 1-1: Fly out, F7 (Flyball, 7LS, EV 89.4 MPH)
|
Batting: RHB Joseph Disepolo
|
0-0: Foul Ball, location: 2F 0-1: Ground out 5-3 (Groundball, 56S, EV 86.2 MPH)
|
Batting: LHB Randy Rosenberry
|
0-0: Foul Ball, location: 2F 0-1: Ball 1-1: Ball 2-1: Fly out, F8 (Flyball, 78D, EV 89.4 MPH)
|
Bottom of the 6th over - 0 runs, 0 hits, 0 errors, 0 left on base; Chicago 2 - Chicago 7 |
TOP OF THE 7TH |
Chicago Cubs batting - Pitching for Chicago White Sox : LHP Stacy Hootentootin
|
Batting: LHB Kevin Norton
|
0-0: Ball 1-0: Called Strike 1-1: Called Strike 1-2: Foul Ball, location: 2F 1-2: Ball 2-2: Foul Ball, location: 2F 2-2: Strikes out swinging
|
Batting: RHB Alan Oxenrider
|
0-0: Ball 1-0: Foul Ball, location: 2F 1-1: SOLO HOME RUN (Line Drive, 7D, EV 98.8 MPH), Distance : 386 ft
|
Pitching: RHP Mike Willig
|
|
Batting: LHB Jon Schick
|
0-0: Called Strike 0-1: Ball 1-1: Called Strike 1-2: Ball 2-2: Foul Ball, location: 2F 2-2: DOUBLE (Line Drive, 89D, EV 99.4 MPH)
|
Batting: RHB Brian Gargis
|
0-0: Called Strike 0-1: Foul Ball, location: 2F 0-2: Ball 1-2: Ground out 5-3 (Groundball, 56, EV 89.4 MPH)
|
Batting: RHB Steve Bartman Jr.
|
0-0: Foul Ball, location: 2F 0-1: Called Strike 0-2: Ball 1-2: Ground out 6-3 (Groundball, 56, EV 107.5 MPH)
|
Top of the 7th over - 1 run, 2 hits, 0 errors, 1 left on base; Chicago 3 - Chicago 7 |
BOTTOM OF THE 7TH |
Chicago White Sox batting - Pitching for Chicago Cubs : RHP Heef Harted
|
Pitching: RHP Chris Perretta
|
|
Batting: LHB Angel Tellez
|
0-0: Ground out U3 (Groundball, 34S, EV 85.0 MPH)
|
Batting: SHB Jonathan Jenkins
|
0-0: Foul Ball, location: 2F 0-1: Ball 1-1: Ball 2-1: Foul Ball, location: 2F 2-2: Ground out 4-3 (Groundball, 4S, EV 81.9 MPH)
|
Batting: RHB Dietmar Warmisch
|
0-0: Ball 1-0: Ball 2-0: Ball 3-0: Base on Balls
|
Batting: RHB Leo Navarro
|
0-0: Called Strike 0-1: Ball 1-1: Swinging Strike 1-2: SINGLE (Line Drive, 6D, EV 99.4 MPH) Dietmar Warmisch to second
|
Batting: RHB Brad Boals
|
0-0: Ball 1-0: Foul Ball, location: 2F 1-1: Swinging Strike 1-2: Foul Ball, location: 2F 1-2: Ball 2-2: Strikes out swinging
|
Bottom of the 7th over - 0 runs, 1 hit, 0 errors, 2 left on base; Chicago 3 - Chicago 7 |
TOP OF THE 8TH |
Chicago Cubs batting - Pitching for Chicago White Sox : RHP Mike Willig
|
Batting: SHB Zory Larikov
|
0-0: Called Strike 0-1: Swinging Strike 0-2: Foul Ball, location: 2F 0-2: Ball 1-2: Ball 2-2: Ball 3-2: Strikes out swinging
|
Batting: RHB Jose Balderrama
|
0-0: Called Strike 0-1: Ball 1-1: Foul Ball, location: 2F 1-2: Ball 2-2: SOLO HOME RUN (Flyball, 9D, EV 93.8 MPH), Distance : 367 ft
|
Batting: SHB Karl Starnes
|
0-0: Ball 1-0: Called Strike 1-1: Ball 2-1: DOUBLE (Groundball, 3L, EV 100.0 MPH)
|
Pitching: RHP Jacob Taylor
|
|
Now in LF: Marvin McAleer
|
|
Now in RF: Steve Castleberry
|
|
Batting: SHB Moe Lester
|
0-0: Ball 1-0: Foul Ball, location: 2F 1-1: Called Strike 1-2: Ball 2-2: DOUBLE (Line Drive, 78D, EV 100.0 MPH) Karl Starnes scores
|
Batting: LHB Kevin Norton
|
0-0: Called Strike 0-1: Ball 1-1: Ball 2-1: Ball 3-1: Called Strike 3-2: Strikes out swinging
|
Batting: RHB Alan Oxenrider
|
0-0: Ball 1-0: Ball 2-0: Called Strike 2-1: Fly out, F6 (Popup, 4MS, EV 83.8 MPH)
|
Top of the 8th over - 2 runs, 3 hits, 0 errors, 1 left on base; Chicago 5 - Chicago 7 |
BOTTOM OF THE 8TH |
Chicago White Sox batting - Pitching for Chicago Cubs : RHP Chris Perretta
|
Batting: SHB Alfie Bungledorf
|
0-0: Called Strike 0-1: Called Strike 0-2: Ball 1-2: Ball 2-2: Strikes out swinging
|
Batting: SHB Marvin McAleer
|
0-0: Called Strike 0-1: Ball 1-1: Swinging Strike 1-2: Foul Ball, location: 2F 1-2: Ball 2-2: Ball 3-2: Base on Balls
|
Batting: RHB Joseph Disepolo
|
0-0: Ball 1-0: Foul Ball, location: 2F 1-1: Called Strike Marvin McAleer steals 2nd base 1-2: Strikes out swinging
|
Batting: LHB Randy Rosenberry
|
0-0: Foul Ball, location: 2F 0-1: Ball 1-1: Foul Ball, location: 2F 1-2: Strikes out looking
|
Bottom of the 8th over - 0 runs, 0 hits, 0 errors, 1 left on base; Chicago 5 - Chicago 7 |
TOP OF THE 9TH |
Chicago Cubs batting - Pitching for Chicago White Sox : RHP Jacob Taylor
|
Batting: LHB Jon Schick
|
0-0: Ball 1-0: Ball 2-0: Foul Ball, location: 2F 2-1: Ball 3-1: Ground out 4-3 (Groundball, 34, EV 84.4 MPH)
|
Batting: RHB Brian Gargis
|
0-0: Ball 1-0: Called Strike 1-1: Ball 2-1: Swinging Strike 2-2: Strikes out swinging
|
Batting: RHB Steve Bartman Jr.
|
0-0: Foul Ball, location: 2F 0-1: Called Strike 0-2: Ball 1-2: Ball 2-2: Strikes out swinging
|
Top of the 9th over - 0 runs, 0 hits, 0 errors, 0 left on base; Chicago 5 - Chicago 7 |
|